ITL
ALLENTOWN HILLBILLIES @ TUSCALOOSA TROUT SLAYERS
09/05/2029
 
TOP OF THE 1ST
Allentown Hillbillies batting - Pitching for Tuscaloosa Trout Slayers : LHP Ben Head
Pitching: LHP Ben Head
Batting: RHB Dan Banks 0-0: Swinging Strike
0-1: Ball
1-1: Swinging Strike
1-2: Strikes out swinging
Batting: RHB Justin Harris 0-0: Ball
1-0: Foul Ball, location: 2F
1-1: Ball
2-1: Ball
3-1: Base on Balls
Batting: LHB Júlio Lorenzo 0-0: Called Strike
0-1: Ball
1-1: Ball
2-1: Foul Ball, location: 2F
2-2: Ball
3-2: Fielders Choice at 2nd, 5-4 (Groundball, 56)
Batting: RHB Von Ford 0-0: Ball
1-0: Ball
2-0: SINGLE (Groundball, 34D)
Júlio Lorenzo to second
Runner from 2nd tries for 3rd, SAFE, no throw
Batting: RHB Diego Rivera 0-0: Ball
1-0: Called Strike
1-1: Ball
2-1: Ball
3-1: Foul Ball, location: 2F
3-2: Foul Ball, location: 2F
3-2: Foul Ball, location: 2F
3-2: Base on Balls
Von Ford to second
Batting: RHB Albert Lutz 0-0: Foul Ball, location: 2F
0-1: Ball
1-1: Ball
2-1: Ball
3-1: Base on Balls
Júlio Lorenzo scores
Von Ford to third
Diego Rivera to second
Batting: RHB Donald Sanford 0-0: Ball
1-0: Ball
2-0: Ball
3-0: Called Strike
3-1: Base on Balls
Von Ford scores
Diego Rivera to third
Albert Lutz to second
Batting: RHB Kolomon Meise 0-0: Ball
1-0: Swinging Strike
1-1: Ball
2-1: Ball
3-1: Foul Ball, location: 2F
3-2: Foul Ball, location: 2F
3-2: Strikes out looking
Top of the 1st over - 2 runs, 1 hit, 0 errors, 3 left on base; Allentown 2 - Tuscaloosa 0
BOTTOM OF THE 1ST
Tuscaloosa Trout Slayers batting - Pitching for Allentown Hillbillies : RHP Brad Rowland
Pitching: RHP Brad Rowland
Batting: RHB Alfredo Díaz 0-0: Swinging Strike
0-1: Foul Ball, location: 2F
0-2: Hit by Pitch
Batting: RHB José Fernández 0-0: Ball
1-0: Called Strike
1-1: Ground out 5-3 (Groundball, 56S)
Alfredo Díaz to second
Batting: LHB José Delgado 0-0: Ball
1-0: Foul Ball, location: 2F
1-1: Ground out 4-3 (Groundball, 4)
Alfredo Díaz to third
Batting: LHB Ed Hart 0-0: Ball
1-0: Called Strike
1-1: Swinging Strike
1-2: Strikes out swinging
Bottom of the 1st over - 0 runs, 0 hits, 0 errors, 1 left on base; Allentown 2 - Tuscaloosa 0
TOP OF THE 2ND
Allentown Hillbillies batting - Pitching for Tuscaloosa Trout Slayers : LHP Ben Head
Batting: LHB John Hudson 0-0: Ball
1-0: Ball
2-0: Ball
3-0: Base on Balls
Batting: RHB Dan Banks 0-0: Ball
1-0: Swinging Strike
1-1: Swinging Strike
1-2: Ball
2-2: Strikes out swinging
Batting: RHB Justin Harris 0-0: Foul Ball, location: 2F
0-1: Ball
1-1: Ball
2-1: Fly out, F7 (Flyball, 78D)
Batting: LHB Júlio Lorenzo 0-0: Called Strike
0-1: Fly out, F3 (Line Drive, 3S)
Top of the 2nd over - 0 runs, 0 hits, 0 errors, 1 left on base; Allentown 2 - Tuscaloosa 0
BOTTOM OF THE 2ND
Tuscaloosa Trout Slayers batting - Pitching for Allentown Hillbillies : RHP Brad Rowland
Batting: RHB Shigemasa Ishida 0-0: Ball
1-0: Called Strike
1-1: Swinging Strike
1-2: Ball
2-2: Foul Ball, location: 2F
2-2: Strikes out swinging
Batting: RHB Jason Erickson 0-0: Ball
1-0: Ball
2-0: Foul Ball, location: 2F
2-1: Ball
3-1: Ground out 5-3 (Groundball, 56)
Batting: RHB Juan Reyes 0-0: Ball
1-0: Called Strike
1-1: SOLO HOME RUN (Flyball, 7D), Distance : 348 ft
Batting: LHB Mark Owens 0-0: Swinging Strike
0-1: Ball
1-1: Fly out, F9 (Flyball, 9)
Bottom of the 2nd over - 1 run, 1 hit, 0 errors, 0 left on base; Allentown 2 - Tuscaloosa 1
TOP OF THE 3RD
Allentown Hillbillies batting - Pitching for Tuscaloosa Trout Slayers : LHP Ben Head
Batting: RHB Von Ford 0-0: SINGLE (Groundball, 6MD)
Batting: RHB Diego Rivera 0-0: Called Strike
Von Ford is caught stealing 2nd base
0-1: Ball
1-1: Foul Ball, location: 2F
1-2: Ball
2-2: Ball
3-2: Base on Balls
Batting: RHB Albert Lutz 0-0: Ball
1-0: Foul Ball, location: 2F
1-1: Swinging Strike
1-2: Ball
2-2: Ball
3-2: Base on Balls
Diego Rivera to second
Batting: RHB Donald Sanford 0-0: Called Strike
0-1: Called Strike
0-2: Strikes out swinging
Batting: RHB Kolomon Meise 0-0: Ball
1-0: SINGLE (Groundball, 6D)
Diego Rivera to third
Albert Lutz to second
Runner from 3rd tries for Home, SAFE, no throw
Batting: LHB John Hudson 0-0: Called Strike
0-1: Ball
1-1: Foul Ball, location: 2F
1-2: Foul Ball, location: 2F
1-2: Ball
2-2: Foul Ball, location: 2F
2-2: Ball
3-2: Fly out, F8 (Flyball, 8RM)
Top of the 3rd over - 1 run, 2 hits, 0 errors, 2 left on base; Allentown 3 - Tuscaloosa 1
BOTTOM OF THE 3RD
Tuscaloosa Trout Slayers batting - Pitching for Allentown Hillbillies : RHP Brad Rowland
Batting: RHB Iván Moreno 0-0: SINGLE (Line Drive, 78S)
Batting: RHB Alfredo Díaz 0-0: Ball
1-0: Ball
2-0: Foul Ball, location: 2F
2-1: Called Strike
2-2: Ball
3-2: SINGLE (Groundball, 56D)
Iván Moreno to second
Iván Moreno to third
Batting: RHB José Fernández 0-0: Swinging Strike
0-1: Foul Ball, location: 2F
0-2: Ball
1-2: Ball
2-2: Strikes out looking
Batting: LHB José Delgado 0-0: Called Strike
0-1: Called Strike
0-2: Ball
1-2: Ball
2-2: Strikes out swinging
Batting: LHB Ed Hart 0-0: Fly out, F8 (Flyball, 78XD)
Bottom of the 3rd over - 0 runs, 2 hits, 0 errors, 2 left on base; Allentown 3 - Tuscaloosa 1
TOP OF THE 4TH
Allentown Hillbillies batting - Pitching for Tuscaloosa Trout Slayers : LHP Ben Head
Batting: RHB Dan Banks 0-0: Swinging Strike
0-1: Foul Ball, location: 2F
0-2: Foul Ball, location: 2F
0-2: Strikes out swinging
Batting: RHB Justin Harris 0-0: Ball
1-0: Ball
2-0: Ball
3-0: Called Strike
3-1: Foul Ball, location: 2F
3-2: Ground out 4-3 (Groundball, 4)
Batting: LHB Júlio Lorenzo 0-0: Ball
1-0: Swinging Strike
1-1: Ball
2-1: Foul Ball, location: 2F
2-2: Ball
3-2: Base on Balls
Batting: RHB Von Ford 0-0: Ball
Júlio Lorenzo steals 2nd base
1-0: Ball
2-0: Called Strike
2-1: Foul Ball, location: 2F
2-2: Fly out, F1 (Line Drive, 13)
Top of the 4th over - 0 runs, 0 hits, 0 errors, 1 left on base; Allentown 3 - Tuscaloosa 1
BOTTOM OF THE 4TH
Tuscaloosa Trout Slayers batting - Pitching for Allentown Hillbillies : RHP Brad Rowland
Batting: RHB Shigemasa Ishida 0-0: Ground out 6-3 (Groundball, 6)
Batting: RHB Jason Erickson 0-0: Called Strike
0-1: Ball
1-1: Foul Ball, location: 2F
1-2: Ball
2-2: Foul Ball, location: 2F
2-2: Strikes out swinging
Batting: RHB Juan Reyes 0-0: Ball
1-0: Called Strike
1-1: Ball
2-1: Ball
3-1: Called Strike
3-2: Foul Ball, location: 2F
3-2: Foul Ball, location: 2F
3-2: Strikes out swinging
Bottom of the 4th over - 0 runs, 0 hits, 0 errors, 0 left on base; Allentown 3 - Tuscaloosa 1
TOP OF THE 5TH
Allentown Hillbillies batting - Pitching for Tuscaloosa Trout Slayers : LHP Ben Head
Pitching: RHP Jimmy Bradley
Batting: RHB Diego Rivera 0-0: Ground out 6-3 (Groundball, 6)
Batting: RHB Albert Lutz 0-0: Called Strike
0-1: Ball
1-1: Ball
2-1: Ball
3-1: Base on Balls
Batting: RHB Donald Sanford 0-0: Ball
1-0: Called Strike
1-1: Called Strike
1-2: Strikes out looking
Batting: RHB Kolomon Meise 0-0: Called Strike
Albert Lutz steals 2nd base
0-1: Swinging Strike
0-2: Strikes out swinging
Top of the 5th over - 0 runs, 0 hits, 0 errors, 1 left on base; Allentown 3 - Tuscaloosa 1
BOTTOM OF THE 5TH
Tuscaloosa Trout Slayers batting - Pitching for Allentown Hillbillies : RHP Brad Rowland
Batting: LHB Mark Owens 0-0: Foul Ball, location: 2F
0-1: Foul Ball, location: 2F
0-2: Ball
1-2: Foul Ball, location: 2F
1-2: Ball
2-2: Ground out 4-3 (Groundball, 4S)
Batting: RHB Iván Moreno 0-0: Called Strike
0-1: Foul Ball, location: 2F
0-2: Ball
1-2: Foul Ball, location: 2F
1-2: Strikes out swinging
Batting: RHB Alfredo Díaz 0-0: Ball
1-0: Ball
2-0: Called Strike
2-1: Foul Ball, location: 2F
2-2: Ball
3-2: Foul Ball, location: 2F
3-2: Strikes out swinging
Bottom of the 5th over - 0 runs, 0 hits, 0 errors, 0 left on base; Allentown 3 - Tuscaloosa 1
TOP OF THE 6TH
Allentown Hillbillies batting - Pitching for Tuscaloosa Trout Slayers : RHP Jimmy Bradley
Batting: LHB John Hudson 0-0: Ball
1-0: Ground out 4-3 (Groundball, 34)
Batting: RHB Dan Banks 0-0: Called Strike
0-1: Ball
1-1: Foul Ball, location: 2F
1-2: Foul Ball, location: 2F
1-2: Foul Ball, location: 2F
1-2: Ball
2-2: Ball
3-2: Fly out, F9 (Line Drive, 9)
Batting: RHB Justin Harris 0-0: Foul Ball, location: 2F
0-1: Foul Ball, location: 2F
0-2: Strikes out swinging
Top of the 6th over - 0 runs, 0 hits, 0 errors, 0 left on base; Allentown 3 - Tuscaloosa 1
BOTTOM OF THE 6TH
Tuscaloosa Trout Slayers batting - Pitching for Allentown Hillbillies : RHP Brad Rowland
Batting: RHB José Fernández 0-0: Ball
1-0: Called Strike
1-1: Foul Ball, location: 2F
1-2: DOUBLE (Line Drive, 7LM)
Batting: LHB José Delgado 0-0: Called Strike
0-1: Called Strike
0-2: Foul Ball, location: 2F
0-2: SINGLE (Line Drive, 8RS)
José Fernández to third
Batting: LHB Ed Hart 0-0: Ball
1-0: Called Strike
1-1: Ball
José Delgado steals 2nd base
2-1: Foul Ball, location: 2F
2-2: Ball
3-2: SINGLE (Flyball, 7S)
José Fernández scores
José Delgado to third
Runner from 3rd tries for Home, SAFE, no throw
Batting: RHB Shigemasa Ishida 0-0: Ball
1-0: Called Strike
1-1: Foul Ball, location: 2F
1-2: Grounds into double play, 5-4-3 (Groundball, 5)
Batting: RHB Jason Erickson 0-0: Called Strike
0-1: Called Strike
0-2: Strikes out swinging
Bottom of the 6th over - 2 runs, 3 hits, 0 errors, 0 left on base; Allentown 3 - Tuscaloosa 3
TOP OF THE 7TH
Allentown Hillbillies batting - Pitching for Tuscaloosa Trout Slayers : RHP Jimmy Bradley
Batting: LHB Júlio Lorenzo 0-0: Called Strike
0-1: Swinging Strike
0-2: Ball
1-2: Ball
2-2: Strikes out looking
Batting: RHB Von Ford 0-0: Foul Ball, location: 2F
0-1: Swinging Strike
0-2: SINGLE (Flyball, 78S)
Batting: RHB Diego Rivera 0-0: Called Strike
0-1: Fly out, F8 (Flyball, 8LXD)
Batting: RHB Albert Lutz 0-0: Ball
1-0: Ball
2-0: Called Strike
2-1: Called Strike
2-2: Ball
3-2: Foul Ball, location: 2F
3-2: Strikes out looking
Top of the 7th over - 0 runs, 1 hit, 0 errors, 1 left on base; Allentown 3 - Tuscaloosa 3
BOTTOM OF THE 7TH
Tuscaloosa Trout Slayers batting - Pitching for Allentown Hillbillies : RHP Brad Rowland
Batting: RHB Juan Reyes 0-0: Fly out, F9 (Flyball, 89S)
Batting: LHB Mark Owens 0-0: Called Strike
0-1: Ball
1-1: Fly out, F4 (Line Drive, 4)
Pinch Hitting: LHB Pedro Juárez 0-0: Ball
1-0: Ball
2-0: Ball
3-0: Called Strike
3-1: Base on Balls
Batting: RHB Alfredo Díaz 0-0: Ball
1-0: Called Strike
1-1: Swinging Strike
1-2: SINGLE (Flyball, 89S)
Pedro Juárez to second
Runner from 2nd tries for 3rd, SAFE, no throw
Batting: RHB José Fernández Pickoff Throw to First - Out!
Bottom of the 7th over - 0 runs, 1 hit, 0 errors, 1 left on base; Allentown 3 - Tuscaloosa 3
TOP OF THE 8TH
Allentown Hillbillies batting - Pitching for Tuscaloosa Trout Slayers : RHP Jimmy Bradley
Now at SS: José Ortega
Batting: RHB Donald Sanford 0-0: Ball
1-0: Ball
2-0: Called Strike
2-1: Swinging Strike
2-2: Ball
3-2: Strikes out swinging
Batting: RHB Kolomon Meise 0-0: Swinging Strike
0-1: Fly out, F7 (Line Drive, 7D)
Batting: LHB John Hudson 0-0: Ball
1-0: Ball
2-0: Ball
3-0: Foul Ball, location: 2F
3-1: Base on Balls
Batting: RHB Dan Banks 0-0: Called Strike
0-1: Ball
1-1: Foul Ball, location: 2F
1-2: Strikes out swinging
Top of the 8th over - 0 runs, 0 hits, 0 errors, 1 left on base; Allentown 3 - Tuscaloosa 3
BOTTOM OF THE 8TH
Tuscaloosa Trout Slayers batting - Pitching for Allentown Hillbillies : RHP Brad Rowland
Batting: RHB José Fernández 0-0: Called Strike
0-1: Ball
1-1: Foul Ball, location: 2F
1-2: Ball
2-2: Ground out 5-3 (Groundball, 56)
Pitching: RHP Dale Downs
Batting: LHB José Delgado 0-0: Ball
1-0: Foul Ball, location: 2F
1-1: Ball
2-1: Foul Ball, location: 2F
2-2: Ball
3-2: Foul Ball, location: 2F
3-2: Foul Ball, location: 2F
3-2: Hit by Pitch
Batting: LHB Ed Hart 0-0: Ball
José Delgado is caught stealing 2nd base
1-0: Ball
2-0: SINGLE (Groundball, 34D)
Pinch Runner at 1st Mark McDonald:
Batting: RHB Shigemasa Ishida 0-0: Ball
1-0: Ball
2-0: Called Strike
2-1: Ball
3-1: Base on Balls
Mark McDonald to second
Batting: RHB Jason Erickson 0-0: Ball
1-0: Called Strike
1-1: Ball
2-1: Ball
3-1: SINGLE (Flyball, 9S)
Mark McDonald to third
Shigemasa Ishida to second
Runner from 3rd tries for Home, SAFE, throw made home
Batting: RHB Juan Reyes 0-0: Fielders Choice at 2nd, 6-4 (Groundball, 6)
Bottom of the 8th over - 1 run, 2 hits, 0 errors, 2 left on base; Allentown 3 - Tuscaloosa 4
TOP OF THE 9TH
Allentown Hillbillies batting - Pitching for Tuscaloosa Trout Slayers : RHP Jimmy Bradley
Pitching: LHP Luis López
Now in LF: Lynn Ford
Batting: RHB Justin Harris 0-0: Ground out 4-3 (Groundball, 34D)
Pinch Hitting: RHB Carl Brown 0-0: Swinging Strike
0-1: Ball
1-1: Fly out, F6 (Line Drive, 6)
Pinch Hitting: RHB Millard Stark 0-0: Called Strike
0-1: Ball
1-1: Swinging Strike
1-2: Ball
2-2: Strikes out swinging
Top of the 9th over - 0 runs, 0 hits, 0 errors, 0 left on base; Allentown 3 - Tuscaloosa 4
Saturday, December 16th, 2017 - OOTP Baseball 18.8 Build 76